AoeStats
← 沒起房子我日

Nomad

510093425Analyzed
4v4 RM · 1d ago on Sep 29, 2026· 30m 44s· 8 players
Game mode
Random Map
Map size
231×231
Population
200
Speed
Normal
Resources
Standard
Victory
Conquest
Starting age
Dark Age
Ending age
Imperial Age
RankedLock teamsTeams togetherTeam positionsShared explorationLock speedFull tech treeHidden civsTurbo modeCheats
Victory
Defeat
🇳🇿 Italians · New Zealand
1512
+13
🇹🇼 Varangians · Taiwan
1474
+15
🇹🇼 Mongols · Taiwan
1464
+15
🇹🇼 Muisca · Taiwan
1416
+17
🇬🇧 Varangians · United Kingdom
1528
-18
🇭🇰 Berbers · Hong Kong SAR China
1446
-15
🇪🇨 Spanish · Ecuador
1418
-14
🇨🇳 Persians · China
1402
-13
沒起房子我日
12:35 Loom
14:41 Feudal Age
18:24 Castle Age
16:08 Fishing Lines
16:39 Double-Bit Axe
17:15 Gold Mining
19:46 Bow Saw
19:23 Town Watch
19:23 Horse Collar
21:44 Fletching
24:09 Scale Barding Armor
29:44 Forging
ImprovingYeti
7:00 Loom
14:36 Feudal Age
15:52 Double-Bit Axe
19:08 Castle Age
17:18 Fishing Lines
17:30 Gold Mining
20:14 Fletching
23:22 Imperial Age
20:53 Bodkin Arrow
24:32 Bracer
26:44 Bow Saw
27:33 Wheelbarrow
29:23 Hand Cart
30:10 Hand Cart
30:23 Ballistics
NyxXX
10:46 Loom
12:57 Feudal Age
16:33 Castle Age
14:36 Double-Bit Axe
15:34 Fletching
17:12 Bodkin Arrow
19:40 Bow Saw
21:14 Gold Mining
26:22 Ballistics
27:19 Horse Collar
29:01 Stone Mining
29:19 Town Watch
kuim
4:46 Loom
12:50 Feudal Age
16:50 Castle Age
14:41 Double-Bit Axe
14:36 Horse Collar
14:50 Gold Mining
19:24 Sanctity
18:56 Horse Collar
19:28 Bow Saw
28:31 Fervor
30:35 Wheelbarrow
[ECU] QUITUS
5:06 Loom
13:24 Feudal Age
17:04 Castle Age
418436883
5:04 Loom
13:57 Feudal Age
18:29 Wheelbarrow
17:45 Double-Bit Axe
18:48 Gold Mining
21:03 Castle Age
19:09 Fishing Lines
19:36 Fletching
21:34 Bodkin Arrow
21:53 Medium Warships
23:01 Hand Cart
23:38 Gold Shaft Mining
27:01 Bow Saw
27:06 Bloodlines
26:57 Husbandry
27:35 Hand Cart
28:21 Gillnets
crazy ant
4:18 Loom
13:46 Feudal Age
14:35 Fishing Lines
17:33 Castle Age
16:03 Fletching
16:13 Padded Archer Armor
16:42 Double-Bit Axe
17:38 Town Watch
18:40 Bow Saw
19:59 Bodkin Arrow
25:14 Stone Mining
29:28 Horse Collar
Locke
10:35 Loom
12:49 Feudal Age
16:51 Castle Age
15:20 Double-Bit Axe
16:07 Fletching
16:34 Horse Collar
17:30 Bodkin Arrow
17:51 Bow Saw
21:19 Fishing Lines
23:32 Wheelbarrow
23:11 Gillnets
24:37 Stone Mining
25:18 Treadmill Crane
25:41 Town Watch
26:48 Hand Cart
28:05 Padded Archer Armor
Connection lost

Rejoining the realm…

Still unreachable

The connection could not be restored.

Session expired

The server has moved on; the page needs a fresh start.